 Dungeon Crawl Stone Soup version 0.19.1 (webtiles) character file.

1836 Lovchig the Cleaver (level 8, -2/73 HPs)
             Began as a Deep Dwarf Fighter on Dec 21, 2016.
             Was an Elder of Okawaru.
             Slain by an iguana (7 damage)
             ... on level 6 of the Dungeon.
             The game lasted 00:16:19 (3593 turns).

Lovchig the Cleaver (Deep Dwarf Fighter)            Turns: 3593, Time: 00:16:20

Health: -2/73      AC: 13    Str: 22    XL:     8   Next: 87%
Magic:  9/9        EV:  4    Int:  9    God:    Okawaru [****..]
Gold:   296        SH: 10    Dex: 12    Spells: 0 memorised, 7 levels left

rFire  . . .     SeeInvis .     a - +2 war axe
rCold  . . .     Gourm    .     t - +0 plate armour
rNeg   . . .     Faith    +     c - +0 shield
rPois  .         Spirit   .     (no helmet)
rElec  .         Reflect  .     g - +0 cloak
rCorr  .         Harm     .     (no gloves)
MR     +....                    (no boots)
Stlth  ..........               n - amulet of faith
                                (no ring)
                                (no ring)

@: non-regenerating
A: damage resistance, recharge devices, sense surroundings 1, slow regeneration
3
a: Device Recharging, Heroism, Renounce Religion


You were on level 6 of the Dungeon.
You worshipped Okawaru.
Okawaru was greatly pleased with you.
You were not hungry.

You visited 1 branch of the dungeon, and saw 6 of its levels.

You collected 296 gold pieces.

Inventory:

Hand Weapons
 a - a +2 war axe (weapon)
Armour
 c - a +0 shield (worn)
 g - a +0 cloak (worn)
 t - a +0 plate armour (worn)
Jewellery
 n - an amulet of faith (around neck)
Wands
 e - a wand of heal wounds (4/9)
 j - a wand of iceblast (9/15)
 y - a wand of lightning (8/15)
Scrolls
 o - a scroll of blinking
 q - a scroll of fog
 v - a scroll of enchant armour {unknown}
 x - a scroll of teleportation
 z - a scroll of identify
Potions
 b - a potion of heal wounds
 d - 3 potions of might
 h - a potion of flight
 k - 3 potions of curing
 l - a potion of ambrosia
 p - a potion of brilliance {unknown}
 w - a potion of agility {unknown}
Books
 A - a book of Maledictions

   Spells                             Type                      Level
   a - Corona                         Hexes                        1
   b - Ensorcelled Hibernation        Hexes/Ice                    2
   c - Confuse                        Hexes                        3
   d - Tukima's Dance                 Hexes                        3
   e - Dazzling Spray                 Conjuration/Hexes            3
Comestibles
 f - 5 bread rations
 i - 2 chunks of flesh
 m - 4 meat rations
 r - a royal jelly
 s - a beef jerky
 u - a slice of pizza


   Skills:
 * Level 4.6 Fighting
 * Level 8.4 Axes
 * Level 6.0 Armour
 * Level 6.1 Shields
 + Level 0.6 Invocations
 * Level 4.8 Evocations


You had 7 spell levels left.
You didn't know any spells.

Dungeon Overview and Level Annotations

Branches:
Dungeon (6/15)
 Temple: D:4-7

Altars:
Dithmenos
Makhleb
Nemelex Xobeh
Okawaru
Vehumet
Beogh

Shops:
D:4 ?


Innate Abilities, Weirdness & Mutations

You are resistant to damage.
You can recharge devices by infusing magical energy.
You passively map a small area around you.
You do not regenerate.


Message History

An iguana and an ogre come into view.
The iguana hisses angrily.
The ogre shouts!
The ogre moves out of view.
Found a ring mail.
The iguana bites you.
You barely miss the ogre. You completely miss the iguana.
The ogre hits you with a giant spiked club.
The iguana bites you. You block the iguana's attack.
You hit the ogre.
The ogre is lightly wounded.
You hit the iguana.
The ogre hits you with a giant spiked club!
The iguana bites you but does no damage.
Your plate armour prevents you from hitting the ogre.
The ogre is lightly wounded.
You barely miss the iguana.
The ogre hits you with a giant spiked club!!
* * * LOW HITPOINT WARNING * * *
The iguana bites you!
You die...

, ## #.... #......#####.#
#.)..
#......#.....######...
#......#.....#...##...
#......#....#....##...
*###......#....#.........
....[....#....+.........
,
......lO.##'#####'###...
.......@............#...
,
....................####
* ,,
........................
....#+###...............
* ..., ,
,#............... ## *
#########+##.... *, , , ,
, , .... , , ,... , ,, ,


You could see an ogre and an iguana.

Vanquished Creatures
  Sigmund (D:3)
  An ice beast (D:5)
  2 orc warriors
  A necrophage (D:5)
  2 ogres
  A phantom (D:5)
  2 centaurs
  2 crimson imps
  A hound (D:5)
  A gnoll shaman (D:4)
  3 orc priests
  2 iguanas
  Ijyb (D:3)
  Terence (D:3)
  6 orc wizards
  3 worker ants (D:5)
  3 hound skeletons
  A howler monkey zombie (D:5)
  7 gnolls
  10 adders
  2 oozes (D:3)
  3 worms
  3 dart slugs
  5 leopard geckos
  28 orcs
  2 ball pythons
  10 bats
  5 giant cockroaches
  6 goblins
  6 hobgoblins
  7 kobolds
  3 quokkas
  5 frilled lizards
  A quokka skeleton (D:4)
  A quokka zombie (D:5)
  3 rats
141 creatures vanquished.

Notes
Turn   | Place    | Note
-------+----------+-------------------------------------------
     0 | D:1      | Lovchig the Deep Dwarf Fighter began the quest for the Orb.
     0 | D:1      | Reached XP level 1. HP: 20/20 MP: 1/1
   139 | D:1      | Reached XP level 2. HP: 20/27 MP: 2/2
   661 | D:2      | Found an iron altar of Okawaru.
   670 | D:2      | Became a worshipper of Warmaster Okawaru
   689 | D:2      | Reached XP level 3. HP: 24/33 MP: 3/3
   726 | D:2      | Reached skill level 3 in Axes
   840 | D:2      | Found a burning altar of Makhleb.
   840 | D:2      | Found a radiant altar of Vehumet.
  1122 | D:3      | Reached skill level 1 in Evocations
  1122 | D:3      | Reached XP level 4. HP: 17/40 MP: 4/4
  1173 | D:3      | Reached skill level 4 in Axes
  1214 | D:3      | Reached XP level 5. HP: 38/48 MP: 6/6
  1242 | D:3      | Noticed Ijyb
  1248 | D:3      | Killed Ijyb
  1466 | D:3      | Noticed Terence
  1479 | D:3      | Killed Terence
  1619 | D:3      | Noticed Sigmund
  1636 | D:3      | Killed Sigmund
  1636 | D:3      | Reached * piety under Okawaru
  1636 | D:3      | Reached skill level 5 in Axes
  1636 | D:3      | Reached XP level 6. HP: 23/56 MP: 6/8
  1733 | D:3      | Reached ** piety under Okawaru
  2033 | D:4      | Found Gafudali's Magic Scroll Shoppe.
  2277 | D:4      | Found a shadowy altar of Dithmenos.
  2306 | D:4      | Reached XP level 7. HP: 26/62 MP: 7/7
  2612 | D:5      | Entered Level 5 of the Dungeon
  2645 | D:5      | Reached skill level 6 in Axes
  2661 | D:5      | Reached skill level 5 in Shields
  2704 | D:5      | Reached *** piety under Okawaru
  2704 | D:5      | Reached skill level 5 in Armour
  2787 | D:5      | Reached XP level 8. HP: 45/72 MP: 7/9
  2874 | D:5      | Reached skill level 7 in Axes
  3117 | D:5      | Found a sparkling altar of Nemelex Xobeh.
  3139 | D:5      | Found a runed door.
  3204 | D:5      | Reached **** piety under Okawaru
  3289 | D:5      | Reached skill level 8 in Axes
  3337 | D:5      | Found a roughly hewn altar of Beogh.
  3593 | D:6      | Slain by an iguana

Skill      XL: |  1  2  3  4  5  6  7  8 |
---------------+-------------------------+-----
Axes           | 3 4 5 6 8 |  8.4
Evocations     | 1 2 3 4 |  4.8
Armour         | 4 5 6 |  6.0
Shields        | 4 5 6 |  6.1
Fighting       | 3 4 |  4.6
Invocations    | |  0.6

Action                   |  1- 3 |  4- 6 |  7- 9 || total
-------------------------+-------+-------+-------++-------
Melee: War axe           |   130 |   127 |   241 ||   498
Invok: Heroism           |       |       |     4 ||     4
 Abil: Device Recharging |       |     2 |       ||     2
Evoke: Wand              |     1 |     4 |     5 ||    10
  Use: Scroll            |    11 |     2 |     1 ||    14
  Eat: Chunk             |     1 |     4 |     5 ||    10
Armor: Scale mail        |    46 |    28 |       ||    74
       Chain mail        |       |    46 |    34 ||    80
       Plate armour      |       |       |    84 ||    84
Dodge: Dodged            |    48 |    43 |    22 ||   113
Block: Shield            |    73 |    80 |   102 ||   255
